 Dungeon Crawl Stone Soup version 0.31-a0-358-gac0dbeb3ab (webtiles) character file.

Game seed: 16861578600356529183

567 randomguy2701 the Covered (level 7, -5/60 HPs)
             Began as a Minotaur Fighter on July 26, 2023.
             Slain by a shadow (10 damage)
             ... created by the darkness of Dithmenos
             ... on level 4 of the Dungeon.
             The game lasted 00:05:14 (7633 turns).

randomguy2701 the Covered (Minotaur Fighter)        Turns: 7633, Time: 00:05:14

Health: -5/60      AC: 10    Str: 23    XL:     7   Next: 11%
Magic:  6/6        EV:  8    Int:  5    God:
Gold:   221        SH:  4    Dex:  9    Spells: 6/6 levels left

rFire   + . .        a - +0 war axe
rCold   . . .        c - +0 buckler
rNeg    . . .        q - +0 chain mail
rPois   .            (helmet restricted)
rElec   .            (no cloak)
rCorr   .            (no gloves)
SInv    .            (no boots)
Will    .....        (no amulet) Stlth
                     r - ring of protection from fire
HPRegen 0.30/turn    (no ring)
MPRegen 0.10/turn

%: no passive effects
@: mighty
A: horns 2, retaliatory headbutt
a: no special abilities


You were on level 4 of the Dungeon.
You visited 1 branch of the dungeon, and saw 5 of its levels.

You collected 243 gold pieces.
You spent 22 gold pieces at shops.

Inventory:

Hand Weapons
 a - a +0 war axe (weapon)
Missiles
 m - 2 throwing nets
Armour
 b - a +0 scale mail
 c - a +0 buckler (worn)
 q - a +0 chain mail (worn)
Jewellery
 r - a ring of protection from fire (left hand)
 t - a +4 ring of protection
Wands
 u - a wand of quicksilver (4)
Scrolls
 e - 5 scrolls of teleportation {unknown}
 f - 4 scrolls of identify
 h - 2 scrolls of blinking {unknown}
 i - 2 scrolls of enchant armour {unknown}
 l - a scroll of poison {unknown}
 o - a scroll of vulnerability {unknown}
 p - 2 scrolls of fog {unknown}
 v - a scroll of enchant weapon {unknown}
Potions
 g - a potion of lignification {unknown}
 j - a potion of mutation {unknown}
 k - a potion of curing {unknown}
 n - a potion of brilliance {unknown}
 s - a potion of invisibility {unknown}


   Skills:
 + Level 4.7 Fighting
 + Level 5.9 Axes
 + Level 6.7 Armour
 + Level 1.6 Dodging
 + Level 0.9 Stealth
 + Level 4.1 Shields


You had 6 spell levels left.
You didn't know any spells.
Your spell library contained the following spells:

 Spells                   Type           Power      Damage    Failure   Level
 Ozocubu's Armour         Ice            0%         N/A       100%        3
 Summon Guardian Golem    Hex/Summ       0%         N/A       100%        3
 Metabolic Englaciation   Hex/Ice        0%         N/A       100%        5
 Simulacrum               Ice/Necr       0%         N/A       100%        6
 Orb of Destruction       Conj           0%         9d5       100%        7
 Spellforged Servitor     Conj/Summ      0%         N/A       100%        7


Dungeon Overview and Level Annotations

Branches:
Dungeon (5/15)
 Temple: D:4-7

Altars:
Dithmenos
Gozag
Kikubaaqudgha
Xom

Shops:
D:1 *


Innate Abilities, Weirdness & Mutations

You have a pair of horns on your head.
You reflexively headbutt those who attack you in melee.


Message History

You completely miss the shadow. You hit something but do no damage.
The shadow strikes at you from the darkness!
Reactivating autopickup.
The shadow barely misses you.
You hit the shadow but do no damage. You barely miss the shadow.
The shadow closely misses you. The shadow hits you!
You hit the shadow but do no damage. Your headbutt misses the shadow.
You barely miss the shadow. The shadow hits you. The shadow hits you!
The shadow slips into darkness.
The shadow flickers and vanishes!
Deactivating autopickup; reactivate with Ctrl-A.
You are too injured to fight recklessly!
You are too injured to fight recklessly!
You hit the shadow. You headbutt the shadow!
The shadow is moderately damaged.
You closely miss something. The shadow hits you.
The shadow strikes at you from the darkness!
* * * LOW HITPOINT WARNING * * *
Reactivating autopickup.
The shadow barely misses you.
You closely miss the shadow.
The shadow is moderately damaged.
You hit the shadow. The shadow hits you. x2
You closely miss the shadow. Your headbutt misses the shadow.
The shadow is moderately damaged.
You hit the shadow.
The shadow slips into darkness.
The shadow flickers and vanishes!
Deactivating autopickup; reactivate with Ctrl-A.
You block the shadow's attack.
You closely miss the shadow.
The shadow is moderately damaged.
You miss something.
The shadow strikes at you from the darkness!
* * * LOW HITPOINT WARNING * * *
Reactivating autopickup.
The shadow hits you.
* * * LOW HITPOINT WARNING * * *
The shadow hits you!
You die...

#.# #..##.#
#.#...#.##### ###.##
#..##.# #.##....#
.....######..##.#
#.#######
.......))#.#....#####.#
###..###.....)........#
#..# #####.#c#.######
#..# #.#.#.#
#.<#######.#.#W#
#........u.#.#@#
##.#########.#W#
#.#########.#.#
####...).......#.#
.......#########.#
####.#.# #.#
#.#.#########.#
####.#...........#
.....#############


You could see 2 shadows.

Vanquished Creatures
  Sigmund (D:2)
  2 shadows (D:4)
  A black bear (D:4)
  A scorpion (D:4)
  2 sleepcaps (D:4)
  An iguana (D:3)
  2 orc wizards (D:4)
  Robin (D:3)
  3 gnolls (D:2)
  2 adders
  A dart slug (D:1)
  3 orcs
  5 ball pythons
  12 endoplasms
  5 giant cockroaches
  8 goblins
  7 hobgoblins
  2 jackals (D:3)
  2 quokkas
  4 bats
  3 frilled lizards
  4 kobolds
  8 rats
80 creatures vanquished.

Notes
Turn   | Place    | Note
-------+----------+-------------------------------------------
     0 | D:1      | randomguy2701 the Minotaur Fighter began the quest for the
                  | Orb.
     0 | D:1      | Reached XP level 1. HP: 19/19 MP: 0/0
    66 | D:1      | Reached skill level 4 in Armour
    66 | D:1      | Reached XP level 2. HP: 24/27 MP: 1/1
    98 | D:1      | Found a faded altar of an unknown god.
   255 | D:1      | Found Uwuxem's General Store.
   281 | D:1      | Bought a scroll of identify for 22 gold pieces
   582 | D:1      | Prayed at the altar of an unknown god.
   582 | D:1      | Became a worshipper of Dithmenos the Shadowed
   582 | D:1      | Reached * piety under Dithmenos
   583 | D:1      | Fell from the grace of Dithmenos
  4979 | D:1      | Glimpsed the power of Zot.
  5002 | D:2      | Reached XP level 3. HP: 33/33 MP: 2/2
  5222 | D:2      | Found an ancient bone altar of Kikubaaqudgha.
  5420 | D:2      | Reached XP level 4. HP: 39/40 MP: 3/3
  5422 | D:2      | Reached skill level 5 in Armour
  5426 | D:2      | Noticed Sigmund
  5435 | D:2      | Killed Sigmund
  5436 | D:2      | Reached skill level 6 in Armour
  5436 | D:2      | Reached skill level 1 in Dodging
  5436 | D:2      | Reached XP level 5. HP: 31/47 MP: 4/4
  5846 | D:3      | Noticed Robin
  5851 | D:3      | Killed Robin
  5983 | D:3      | Found a shimmering altar of Xom.
  6051 | D:3      | Reached XP level 6. HP: 43/53 MP: 5/5
  6919 | D:4      | Reached skill level 5 in Axes
  6989 | D:4      | Reached XP level 7. HP: 32/60 MP: 6/6
  7179 | D:4      | Identified the +5 whip of Fugho {drain, rPois Str+5}
  7355 | D:4      | Found an opulent altar of Gozag.
  7469 | D:4      | Noticed a brown ugly thing
  7481 | D:5      | Entered Level 5 of the Dungeon
  7621 | D:4      | Noticed a shadow
  7621 | D:4      | Noticed a shadow
  7621 | D:4      | Noticed a shadow
  7621 | D:4      | Noticed a shadow
  7623 | D:4      | Killed a shadow
  7626 | D:4      | Killed a shadow
  7633 | D:4      | Slain by a shadow

Illustrated notes

Levels and vault maps discovered:
D:1:      dpeg_arrival_ratfight, layout_basic, serial_shops,
          nicolae_shop_tiny_waterfront, chequers_ecumenical_altar_island
D:2:      layout_loops_ring, basic_altar, kennysheep_potato, uniq_sigmund
D:3:      layout_basic, lemuel_doored_altar, minmay_ruptured, uniq_robin
D:4:      layout_loops_ring, mainiacjoe_overflow_boulevard
D:5:      cheibrodos_fertilizer, layout_cave_pools, cheibrodos_ashenzari_chains,
          minmay_temple_entry_ruins, minmay_door_square,
          minmay_shop_grid_forest, kennysheep_diamond,
          chequers_serial_rivers_room_b

Skill      XL: |  1  2  3  4  5  6 |
---------------+-------------------+-----
Armour         | 4 6 |  6.7
Fighting       | 4 |  4.7
Axes           | 3 4 5 |  5.9
Dodging        | 1 |  1.6
Shields        | 4 |  4.1
Stealth        | |  0.9

Action                     |  1- 3 |  4- 6 |  7- 9 || total
---------------------------+-------+-------+-------++-------
  Melee: War axe           |    62 |    86 |    41 ||   189
         Headbutt          |     9 |    14 |     5 ||    28
 Invoke: Renounce Religion |     1 |       |       ||     1
    Use: Potion            |       |       |     1 ||     1
 Armour: Scale mail        |    25 |     6 |       ||    31
         Chain mail        |       |    52 |    27 ||    79
  Dodge: Dodged            |    29 |    35 |    12 ||    76
  Block: Buckler           |    11 |    19 |     6 ||    36

Table legend: (Time is in decaauts)
 A = Elapsed time spent in this place.
 B = Non-inter-level travel time spent in this place.
 C = Inter-level travel time spent in this place.
 D = Time resting spent in this place.
 E = Time spent auto-exploring this place.
 F = Levels seen in this place.
 G = Mean time per level.
                   A        B        C        D        E       F      G
               +--------+--------+--------+--------+--------+-----+--------+
         Total |   7703 |   7529 |    174 |   4532 |   2441 |   5 | 1540.6 |
       Dungeon |   7703 |   7529 |    174 |   4532 |   2441 |   5 | 1540.6 |
               +--------+--------+--------+--------+--------+-----+--------+

Top non-repeatable levels by time:
     D:1: 5053 daAuts
     D:3: 974 daAuts
     D:2: 831 daAuts
     D:4: 705 daAuts
     D:5: 137 daAuts
